 Dungeon Crawl Stone Soup version 0.25.0-11-g1f837a76a1 (webtiles) character file.

Game seed: 340631863746250697

90289 Flugkiller the Severer (level 15, -11/150 HPs)
             Began as a Deep Dwarf Fighter on June 27, 2020.
             Was the Champion of Makhleb.
             Mangled by an enormous slime creature (69 damage)
             ... on level 4 of the Swamp.
             The game lasted 00:13:27 (15223 turns).

Flugkiller the Severer (Deep Dwarf Fighter)        Turns: 15223, Time: 00:13:27

Health: -11/150    AC: 18    Str: 25    XL:     15   Next: 51%
Magic:  7/7        EV: 23    Int: 10    God:    Makhleb [******]
Gold:   1509       SH: 21    Dex: 12    Spells: 14/14 levels left

rFire    + . .     SeeInvis .   C - +1 war axe (flame)
rCold    . . .     Gourm    .   u - +2 tower shield {rPois}
rNeg     + . .     Faith    .   B - +0 plate armour {rF+}
rPois    +         Spirit   .   D - +0 helmet
rElec    .         Reflect  .   N - +2 cloak
rCorr    +         Harm     .   g - +1 pair of gloves
MR       ++...                  O - +2 pair of boots {Fly}
Stlth    ..........             G - amulet of the acrobat
HPRegen  0.00/turn              j - +4 ring of slaying
MPRegen  0.10/turn              k - ring of resist corrosion

@: corroded, acrobat, flying, non-regenerating
A: damage resistance, heal wounds, negative energy resistance 1, sense
surroundings 2, no regeneration
a: Heal Wounds, Minor Destruction, Lesser Servant of Makhleb, Major Destruction,
Greater Servant of Makhleb, Renounce Religion, Stop Flying


You were on level 4 of the Swamp.
You worshipped Makhleb.
Makhleb was exalted by your worship.
You were hungry.

You visited 4 branches of the dungeon, and saw 26 of its levels.
You also visited: Sewer and Gauntlet.

You collected 1509 gold pieces.

Inventory:

Hand Weapons
 C - a +1 war axe of flaming (weapon)
   (You took it off Maggie on level 7 of the Dungeon)
Missiles
 F - 6 curare-tipped darts (quivered)
Armour
 g - a +1 pair of gloves (worn)
   (You found it on level 1 of the Dungeon)
 u - a +2 tower shield of poison resistance (worn)
   (You found it on level 6 of the Lair of Beasts)
 B - a +0 plate armour of fire resistance (worn)
   (You found it on level 9 of the Dungeon)
 D - a +0 helmet (worn)
   (You found it on level 6 of the Dungeon)
 N - a +2 cloak (worn)
   (You found it on level 5 of the Lair of Beasts)
 O - a +2 pair of boots of flying (worn)
   (You found it in a Gauntlet)
Jewellery
 c - an uncursed ring of protection from cold
   (You found it on level 6 of the Dungeon)
 i - an uncursed ring of see invisible
   (You found it on level 7 of the Dungeon)
 j - a +4 ring of slaying (left hand)
   (You found it on level 13 of the Dungeon)
 k - a ring of resist corrosion (right hand)
   (You found it on level 1 of the Lair of Beasts)
 G - an amulet of the acrobat (around neck)
   (You found it on level 6 of the Lair of Beasts)
 M - a +6 ring of dexterity
   (You found it on level 5 of the Lair of Beasts)
Wands
 a - a wand of iceblast (28)
   (You took it off a centaur on level 7 of the Dungeon)
 s - a wand of paralysis (22)
   (You took it off Maggie on level 7 of the Dungeon)
 v - a wand of digging (1)
   (You took it off Maurice on level 11 of the Dungeon)
Scrolls
 f - 5 scrolls of immolation
 o - 3 scrolls of magic mapping
 r - 8 scrolls of identify
 t - 14 scrolls of teleportation
 x - 14 scrolls of remove curse
 z - 3 scrolls of blinking
 H - a scroll of enchant weapon
 I - 3 scrolls of summoning
 J - 2 scrolls of fear
 K - a scroll of fog
 P - a scroll of silence
 Q - a scroll of enchant armour
Potions
 b - 5 potions of flight
 d - 5 potions of might
 h - 3 potions of haste {unknown}
 l - 2 potions of lignification
 m - 2 potions of stabbing
 n - 3 potions of ambrosia
 p - 6 potions of brilliance
 q - 13 potions of curing
 w - 5 potions of heal wounds
 y - 2 potions of mutation
 A - 3 potions of magic
 L - a potion of cancellation {unknown}
Comestibles
 e - 36 rations


   Skills:
 * Level 13.7 Fighting
 * Level 15.8 Axes
 + Level 12.0 Armour
 + Level 6.5 Dodging
 + Level 12.0 Shields
 + Level 12.0 Invocations


You had 14 spell levels left.
You didn't know any spells.
Your spell library was empty.

Dungeon Overview and Level Annotations

Branches:
Dungeon (15/15) Temple (1/1) D:7 Lair (6/6) D:11 Swamp (4/4) Lair:3 Spider (0/4) Lair:2 Slime (0/5) Lair:6 Orc (0/2) D:10 Vaults (0/5) D:13 D:14 Depths (0/5) D:15 Sewer (visited) Gauntlet (visited)

Altars:
Ashenzari
Cheibriados
Dithmenos
Elyvilon
Fedhas
Gozag
Kikubaaqudgha
Makhleb
Nemelex Xobeh
Qazlal
Ru
Sif Muna
Trog
Uskayaw
Vehumet
Wu Jian
Yredelemnul
The Shining One
Lugonu

Annotations:
D:7 1 runed translucent door, bli's ghost, novice DrTm
D:9 exclusion: door
D:11 2 transporters, Onakli's ghost, journeyman DsFi
Lair:2 exclusion: oklob plant
Lair:3 3 runed translucent doors, Xiemaice's ghost, journeyman DrFE


Innate Abilities, Weirdness & Mutations

You are resistant to damage.
You can heal yourself by infusing magical energy.
You resist negative energy. (rN+)
You passively map the area around you.
You do not regenerate.


Message History

The green very ugly thing tentacle-slaps you but does no damage.
The tentacled monstrosity tentacle-slaps you but does no damage. x2
You block the tentacled monstrosity's attack.
* * * LOW HITPOINT WARNING * * *
The tentacled monstrosity constricts you!
You block the orange demon's attack.
The slime creature hits you but does no damage.
You escape the tentacled monstrosity's grasp.
You feel very sick.
A slime creature suddenly becomes an enormous slime creature.
You feel much better.
You feel very sick.
You feel better.
The green very ugly thing basks in the mutagenic energy from its kin and changes!
You feel much better. The enormous slime creature hits you!!!
* * * LOW HITPOINT WARNING * * *
You feel much better.
The enormous slime creature barely misses you.
The enormous slime creature hits you!!!!
You die...

* ** * * ≈≈ ≈ ** *#
≈#,≈. #≈≈≈≈#≈. *
#.#≈≈♣..# ≈ ##.?.*≈≈#§#
* ##≈#?, ≈#.≈§*,
##≈≈≈###≈≈# ≈
♣#§≈≈≈@≈X24##, ≈≈
♣#≈#≈#≈#J#≈D.#≈≈§ ,
##≈#≈.≈#.♣D.≈$≈≈≈#≈* ≈
** ##≈≈≈.≈≈≈.uu..≈≈≈≈§ ,
##≈#≈#≈≈.#≈#≈≈≈#≈≈≈# ≈
,≈≈,
##.#.≈≈#≈#...#≈#.≈.#.*≈
. *##...#≈♣≈.≈...≈..♣≈#
, *
≈*##≈#..#≈≈#≈#...#≈♣.≈.#
≈ *
≈##.#.###≈#≈≈≈#≈#.≈≈#≈≈#
* ,


You could see a tentacled monstrosity, a purple very ugly thing, a six-headed
hydra, a green death, a swamp dragon, an enormous slime creature and an orange
demon.

Vanquished Creatures
  Jorgrun (D:12)
  Rupert (D:13)
  Gastronok (D:11)
  Kirke (Swamp:2)
  An emperor scorpion (D:15)
  A very ugly thing (Swamp:4)
  Nessos (Lair:4)
  A minotaur (Gauntlet)
  Snorg (D:11)
  14 hydras
  2 catoblepae
  A ghost crab (Swamp:3)
  4 centaur warriors
  5 two-headed ogres
  13 death yaks
  7 alligators
  A deep troll shaman (Lair:6)
  A death scarab (Gauntlet)
  A tengu warrior (D:10)
  Urug (D:14)
  A spectral hydra (Gauntlet)
  A death drake (Gauntlet)
  Pikel (D:6)
  4 lindwurms (Lair:2)
  4 swamp dragons
  A large abomination (Swamp:4)
  A wolf spider (shapeshifter) (D:15)
  4 ugly things
  A wolf spider (D:14)
  A salamander (D:15)
  Maurice (D:11)
  A manticore (D:11)
  2 spectral centaurs (Gauntlet)
  4 black mambas
  2 elephants (Lair:6)
  Maggie (D:7)
  3 orange demons (Swamp:4)
  9 spiny frogs
  A gargoyle (Gauntlet)
  A yaktaur (D:10)
  An efreet (D:15)
  A rime drake (Lair:6)
  2 centaur skeletons
  6 komodo dragons
  A freezing wraith (D:15)
  8 tyrant leeches
  3 trolls
  8 slime creatures
  5 bog bodies (Swamp:4)
  2 polar bears (Lair:6)
  5 dream sheep (Lair:5)
  10 hippogriffs
  A vampire (D:11)
  A spriggan (Swamp:2)
  A shadow (Swamp:1)
  A tarantella (Lair:2)
  2 wyverns
  9 yaks
  17 humans
  2 basilisks
  10 vampire mosquitoes
  11 hogs
  A warg (D:10)
  2 hungry ghosts (D:9)
  9 swamp worms
  4 insubstantial wisps (Swamp:1)
  11 water moccasins
  Duvessa (D:7)
  A spectral hornet (Gauntlet)
  3 orc warriors
  13 porcupines
  2 swamp drakes
  A black bear (Lair:2)
  7 sky beasts
  An ice beast (D:13)
  A phantom (D:11)
  2 necrophages
  8 centaurs
  7 ogres
  3 boggarts (D:15)
  14 wolves
  6 crocodiles
  5 big kobolds
  12 bullfrogs
  A wyvern skeleton (D:14)
  4 scorpions
  Dowan (D:7)
  4 wights (D:9)
  An electric eel (Lair:4)
  2 bullfrog zombies
  2 centaur zombies
  5 crimson imps
  2 quasits
  9 hounds
  3 jellies
  3 orc priests
  4 orc wizards
  4 iguanas
  9 worker ants
  2 hound skeletons
  2 worker ant zombies
  A howler monkey skeleton (D:11)
  7 adders
  3 gnolls (D:11)
  6 river rats (Sewer)
  8 shadow imps
  An adder skeleton (D:4)
  3 worms
  A dart slug (D:5)
  10 leopard geckos
  34 orcs
  3 giant cockroaches
  2 gnoll zombies (D:6)
  2 goblins (D:3)
  4 jackals (D:4)
  4 quokkas
  7 ball pythons
  A bat (D:3)
  A frilled lizard (D:3)
  A giant cockroach zombie (D:6)
  A jackal skeleton (D:4)
  34 kobolds
  2 leopard gecko skeletons
  22 rats
  4 fungi
  4 plants
548 creatures vanquished.

Vanquished Creatures (collateral kills)
  2 tyrant leeches (Lair:3)
  A hornet (Swamp:2)
  A basilisk (Lair:3)
  A crocodile (Lair:3)
  A bullfrog zombie (D:12)
  A hound (D:12)
  2 kobolds (D:12)
9 creatures vanquished.

Vanquished Creatures (others)
  An unseen horror (D:14)
  A swamp drake (Swamp:3)
  34 fungi
  20 plants
56 creatures vanquished.

Grand Total: 613 creatures vanquished

Notes
Turn   | Place    | Note
-------+----------+-------------------------------------------
     0 | D:1      | Flugkiller the Deep Dwarf Fighter began the quest for the
                  | Orb.
     0 | D:1      | Reached XP level 1. HP: 20/20 MP: 1/1
   107 | D:3      | Noticed an orc priest
   108 | D:3      | Noticed a necrophage
   113 | D:3      | Reached XP level 2. HP: 13/27 MP: 2/2
   128 | D:3      | Reached skill level 3 in Axes
   128 | D:3      | Reached XP level 3. HP: 26/30 MP: 3/3
   130 | D:3      | Killed a necrophage
   130 | D:3      | Reached XP level 4. HP: 35/40 MP: 4/4
   191 | D:3      | Found a glowing drain.
   202 | Sewer    | Entered a sewer
   295 | Sewer    | Reached XP level 5. HP: 35/46 MP: 5/5
   391 | Sewer    | Reached skill level 4 in Axes
   582 | Sewer    | Reached XP level 6. HP: 56/57 MP: 6/6
  1070 | D:4      | Reached skill level 5 in Axes
  1138 | D:4      | Reached XP level 7. HP: 52/66 MP: 7/7
  1219 | D:4      | Found a radiant altar of Vehumet.
  1278 | D:4      | Found a sparkling altar of Nemelex Xobeh.
  1812 | D:5      | Entered Level 5 of the Dungeon
  1833 | D:5      | Reached skill level 5 in Fighting
  1863 | D:5      | Reached skill level 5 in Armour
  1863 | D:5      | Reached skill level 5 in Shields
  1930 | D:5      | Reached skill level 6 in Axes
  2232 | D:5      | Reached XP level 8. HP: 57/76 MP: 8/8
  2514 | D:5      | Found a white marble altar of Elyvilon.
  2608 | D:6      | Found a basalt altar of Yredelemnul.
  2697 | D:6      | Reached skill level 7 in Axes
  2814 | D:6      | Found a shadowy altar of Dithmenos.
  2972 | D:6      | Noticed Pikel
  2987 | D:6      | Killed Pikel
  2987 | D:6      | Reached skill level 8 in Axes
  2987 | D:6      | Gained mutation: You passively map the area around you.
                  | [Deep Dwarf growth]
  2987 | D:6      | Reached XP level 9. HP: 84/86 MP: 7/7
  3469 | D:6      | Found an opulent altar of Gozag.
  3600 | D:7      | Found a runed translucent door.
  3605 | D:7      | Noticed bli's ghost (novice DrTm)
  3667 | D:7      | Found a staircase to the Ecumenical Temple.
  3737 | Temple   | Entered the Ecumenical Temple
  3771 | Temple   | Became a worshipper of Makhleb the Destroyer
  3808 | D:7      | Noticed Duvessa
  3808 | D:7      | Noticed Dowan
  3825 | D:7      | Killed Dowan
  3842 | D:7      | Killed Duvessa
  3879 | D:7      | Reached skill level 1 in Invocations
  4052 | D:7      | Found a hide-covered altar of Uskayaw.
  4052 | D:7      | Noticed a +0 hand axe
  4053 | D:7      | Noticed a +0 dagger
  4216 | D:7      | Noticed Maggie
  4218 | D:7      | Paralysed by Maggie for 4 turns
  4237 | D:7      | Killed Maggie
  4604 | D:8      | Noticed a two-headed ogre
  4610 | D:8      | Reached skill level 9 in Axes
  4616 | D:8      | Killed a two-headed ogre
  4616 | D:8      | Reached XP level 10. HP: 58/96 MP: 6/8
  4777 | D:8      | Reached * piety under Makhleb
  4811 | D:8      | Found an ancient bone altar of Kikubaaqudgha.
  4812 | D:8      | Found an ornate altar of the Wu Jian Council.
  4812 | D:8      | Found a shattered altar of Ashenzari.
  4819 | D:8      | Found a stormy altar of Qazlal.
  4868 | D:8      | Found a shadowy altar of Dithmenos.
  5167 | D:9      | Found a snail-covered altar of Cheibriados.
  5505 | D:9      | Reached skill level 10 in Axes
  5901 | D:10     | Entered Level 10 of the Dungeon
  5962 | D:10     | Noticed a tengu warrior
  5962 | D:10     | Noticed a green ugly thing
  6003 | D:10     | Killed a green ugly thing
  6003 | D:10     | Reached skill level 5 in Invocations
  6017 | D:10     | Killed a tengu warrior
  6027 | D:10     | Noticed a two-headed ogre
  6039 | D:10     | Killed a two-headed ogre
  6039 | D:10     | Reached XP level 11. HP: 63/106 MP: 10/10
  6108 | D:10     | Found a staircase to the Orcish Mines.
  6130 | D:10     | Reached ** piety under Makhleb
  6517 | D:11     | Noticed Snorg
  6594 | D:11     | Noticed Maurice
  6634 | D:11     | Killed Maurice
  6634 | D:11     | Reached skill level 11 in Axes
  6671 | D:11     | Noticed Gastronok
  6704 | D:11     | Killed Snorg
  6805 | D:11     | Killed Gastronok
  6805 | D:11     | Reached skill level 10 in Fighting
  6846 | D:11     | Found a staircase to the Lair.
  6854 | D:11     | Reached *** piety under Makhleb
  7084 | D:11     | Noticed Onakli's ghost (journeyman DsFi)
  7085 | D:11     | Found a transporter.
  7085 | D:11     | Identified the +4 great mace "Jiatas" {freeze, rElec Str+3
                  | Int+3 Stlth+}
  7085 | D:11     | Identified the +7 dire flail of Undoing {vorpal, rElec rC+}
  7085 | D:11     | Noticed a two-headed ogre
  7089 | D:11     | Found a transporter.
  7289 | Lair:1   | Entered Level 1 of the Lair of Beasts
  7599 | Lair:1   | Reached XP level 12. HP: 67/117 MP: 10/10
  8122 | Lair:2   | Reached skill level 12 in Axes
  8244 | Lair:2   | Found a hole to the Spider Nest.
  9174 | Lair:3   | Reached **** piety under Makhleb
  9235 | Lair:3   | Found a runed translucent gate.
  9236 | Lair:3   | Found a runed translucent gate.
  9237 | Lair:3   | Found a runed translucent gate.
  9240 | Lair:3   | Noticed a death yak
  9240 | Lair:3   | Noticed Xiemaice's ghost (journeyman DrFE)
  9350 | Lair:3   | Found a staircase to the Swamp.
  9744 | Lair:4   | Noticed Nessos
  9748 | Lair:4   | Noticed an eight-headed hydra
  9774 | Lair:4   | Killed a one-headed hydra
  9848 | Lair:4   | Killed Nessos
  9867 | Lair:4   | Reached skill level 10 in Shields
 10117 | Lair:4   | Reached skill level 10 in Armour
 10306 | Lair:5   | Reached skill level 13 in Axes
 10316 | Lair:5   | Noticed a death yak
 10318 | Lair:5   | Noticed a death yak
 10319 | Lair:5   | Noticed a death yak
 10328 | Lair:5   | Killed a death yak
 10351 | Lair:5   | Killed a death yak
 10354 | Lair:5   | Killed a death yak
 10354 | Lair:5   | Reached XP level 13. HP: 73/127 MP: 8/8
 11107 | Lair:6   | Entered Level 6 of the Lair of Beasts
 11147 | Lair:6   | Reached skill level 1 in Dodging
 11156 | Lair:6   | Found a staircase to the Slime Pits.
 12100 | Lair:6   | Reached ***** piety under Makhleb
 12100 | Lair:6   | Reached skill level 10 in Invocations
 12219 | Lair:6   | Reached skill level 14 in Axes
 12545 | D:12     | Noticed Jorgrun
 12568 | D:12     | HP: 5/129 [Jorgrun/iron shot (42)]
 12569 | D:12     | Killed Jorgrun
 12713 | D:12     | Gained mutation: You resist negative energy. (rN+) [Deep
                  | Dwarf growth]
 12713 | D:12     | Reached XP level 14. HP: 70/139 MP: 6/6
 13127 | D:13     | Noticed Rupert
 13154 | D:13     | Killed Rupert
 13299 | D:13     | Found a gate leading to a gauntlet.
 13389 | Gauntlet | Entered a Gauntlet
 13389 | Gauntlet | Found a transporter.
 13397 | Gauntlet | Found a transporter.
 13399 | Gauntlet | Found a transporter.
 13407 | Gauntlet | Found a transporter.
 13409 | Gauntlet | Found a transporter.
 13419 | Gauntlet | Found a transporter.
 13434 | Gauntlet | Found a transporter.
 13444 | Gauntlet | Found a transporter.
 13453 | Gauntlet | Found a runed translucent door.
 13454 | Gauntlet | Found a transporter.
 13455 | Gauntlet | Found a runed translucent door.
 13468 | Gauntlet | Found a transporter.
 13470 | Gauntlet | Found a transporter.
 13481 | Gauntlet | Found a transporter.
 13524 | Gauntlet | Found a transporter.
 13538 | Gauntlet | Found a transporter.
 13890 | D:14     | Found a gate to the Vaults.
 13890 | D:14     | Noticed Urug
 13950 | D:14     | Killed Urug
 13998 | D:15     | Entered Level 15 of the Dungeon
 14028 | D:15     | Reached skill level 5 in Dodging
 14083 | D:15     | Found a staircase to the Depths.
 14105 | D:15     | Noticed an emperor scorpion
 14126 | D:15     | Killed an emperor scorpion
 14126 | D:15     | Reached skill level 15 in Axes
 14363 | Swamp:1  | Entered Level 1 of the Swamp
 14479 | Swamp:1  | Reached ****** piety under Makhleb
 14498 | Swamp:2  | Noticed Kirke
 14529 | Swamp:2  | Killed Kirke
 14539 | Swamp:2  | Reached XP level 15. HP: 129/148 MP: 6/6
 14722 | Swamp:4  | Entered Level 4 of the Swamp
 15198 | Swamp:4  | Noticed a tentacled monstrosity
 15223 | Swamp:4  | Mangled by an enormous slime creature

Illustrated notes

Levels and vault maps discovered:
D:1:      lightli_arrival_isolated_outpost, layout_rooms
D:2:      layout_basic, regret_index_temple_of_mockery, okawaru_trees_1,
          first_ration
D:3:      layout_loops_cross, old_standard_altar, cheibrodos_sewer_entry_drain
D:4:      layout_basic, lemuel_round_altar, kennysheep_mini_moat
D:5:      minmay_chambers_of_fours, layout_loops_ring, kennysheep_mini,
          kennysheep_small_circle
D:6:      layout_gridville, lemuel_zombie_altar_yredelemnul,
          grunt_gozag_breadcrumbs, grunt_dithmenos_smoke, uniq_pikel
D:7:      layout_gridville, dancing_weapons_uskayaw, minmay_temple_entry_trees,
          ebering_ghost_reflecting_pool, kennysheep_generic_room_11,
          uniq_maggie, uniq_duvessa
D:8:      layout_cave_pools, minitemple, lemuel_round_altar
D:9:      layout_long_grid, cheibrodos_worm_habitat, grunt_livestock
D:10:     layout_rooms, david_orc_3, chequers_serial_rivers_marsh,
          minmay_radiant
D:11:     layout_rooms, due_lair_maze_entry_diamond, gammafunk_ghost_smash,
          uniq_maurice, uniq_snorg, uniq_gastronok
D:12:     layout_cave_pools, uniq_jorgrun
D:13:     layout_irregular_city, gauntlet_entry_generic, nicolae_benzene_ring,
          chequers_serial_rivers_micro_c, uniq_rupert
D:14:     layout_loops_ring, david_vaults_3, minmay_misc_feat_five
D:15:     hangedman_depths_entry_try_elsewhere_first, layout_rooms,
          nicolae_ashenzari_panopticon
Temple:   corrupted_temple
Lair:1:   layout_cave_pods, lemuel_fruit_fields
Lair:2:   layout_cave_pods, spider_nest_entry_rubble, minivault_11,
          minmay_lindwurm_lava, minmay_lair_oklob_chamber
Lair:3:   layout_big_grid, minmay_swamp_entry_worms, gammafunk_ghost_split
Lair:4:   layout_gridlike, infiniplex_staircase_pool, uniq_nessos, uniq_urug
Lair:5:   layout_loops_ring
Lair:6:   grunt_lair_end_beastmaster, layout_long_grid,
          minmay_slime_entry_pillars, serial_bayou_pond_e, lemuel_fruit_tree
Swamp:1:  layout_falls_marsh, serial_swamp_ruin, evilmike_swamp_ruin_house_1,
          evilmike_swamp_ruin_house_6, evilmike_swamp_ruin_house_4, swamp_pool1,
          infiniplex_staircase_pool_2
Swamp:2:  layout_falls_marsh, evilmike_swamp_ruin_house_3, uniq_kirke
Swamp:3:  layout_basic_swamp, nicolae_swamp_treefoil, uniq_aizul
Swamp:4:  swamp_vile, layout_basic_swamp, swamp_pool1

Skill      XL: |  1  2  3  4  5  6  7  8  9 10 11 12 13 14 15 |
---------------+----------------------------------------------+-----
Fighting       | 3 4 5 7 8 9 10 11 12 13 | 13.7
Axes           | 3 4 5 6 8 9 10 11 13 14 15 | 15.8
Armour         | 4 5 6 7 8 9 10 11 12 | 12.0
Shields        | 4 5 6 7 8 9 10 11 12 | 12.0
Invocations    | 3 5 7 9 10 11 12 | 12.0
Dodging        | 3 5 6 |  6.5

Action                   |  1- 3 |  4- 6 |  7- 9 | 10-12 | 13-15 || total
-------------------------+-------+-------+-------+-------+-------++-------
Melee: War axe           |    25 |   201 |   412 |   771 |  1039 ||  2448
       Unarmed           |       |       |       |       |     2 ||     2
Throw: Dart              |       |       |       |     2 |       ||     2
Invok: Lesser Servant of |       |       |       |     2 |     5 ||     7
 Abil: Heal Wounds       |     1 |     3 |    17 |    34 |    22 ||    77
Evoke: Wand              |       |       |       |     7 |     3 ||    10
  Use: Potion            |       |       |     4 |     4 |     3 ||    11
       Scroll            |       |       |    14 |    12 |     2 ||    28
 Stab: Paralysed         |       |       |       |     9 |       ||     9
       Distracted        |       |       |       |     1 |     2 ||     3
       Petrified         |       |       |       |       |    37 ||    37
       Petrifying        |       |       |       |       |     1 ||     1
  Eat: Chunk             |       |     1 |    12 |    20 |    11 ||    44
       Ration            |       |       |       |     2 |     2 ||     4
Armor: Scale mail        |    19 |       |       |       |       ||    19
       Chain mail        |       |   142 |    27 |       |       ||   169
       Plate armour      |       |       |   219 |   583 |   655 ||  1457
Dodge: Dodged            |    16 |    51 |    52 |   189 |   266 ||   574
Block: Kite shield       |    23 |   146 |   238 |   545 |   183 ||  1135
       Tower shield      |       |       |       |       |   781 ||   781
